Warning! The script has encountered some errors when parsing the replay. Please report them to the . » details
0x70, prev: 0x61: 16 02 01 00 54 9F 00 00 56 64 09 00 19 6C 61 [70] 48 F8 B9 00 00 59 2D 03 00 01 11 00 18 06 03 1A 19 79 72 67 68 01 30 00 00 B8 DB 06 00
0xF8, prev: 0x70: 16 02 01 00 54 9F 00 00 56 64 09 00 19 6C 61 70 48 [F8] B9 00 00 59 2D 03 00 01 11 00 18 06 03 1A 19 79 72 67 68 01 30 00 00 B8 DB 06 00
0x00, prev: 0xF8: 16 02 01 00 54 9F 00 00 56 64 09 00 19 6C 61 70 48 F8 B9 [00] 00 59 2D 03 00 01 11 00 18 06 03 1A 19 79 72 67 68 01 30 00 00 B8 DB 06 00
0x59, prev: 0x00: 16 02 01 00 54 9F 00 00 56 64 09 00 19 6C 61 70 48 F8 B9 00 00 [59] 2D 03 00 01 11 00 18 06 03 1A 19 79 72 67 68 01 30 00 00 B8 DB 06 00
General information
- name: BNet
- type: Ladder team game (AT/RT)
- host: Battle.net
- saver: LilHooligan
map: GoldRush
- players: 8
- length: 68:36
- speed: Fast
- version: 1.26 W3XP
- replay type: Public
» download(258 KB)
Players
team 1 (loser)
Mahney (
yellow | 25 APM | 1697 actions | 68:34)
6 Mountain King
3 Storm Bolt
2 Bash
1 Avatar
4 Archmage
2 Blizzard
2 Brilliance Aura
» actions
| Assign group hotkey | 17 | |
| Basic commands | 3 | |
| Build / train | 110 | |
| Enter build submenu | 70 | |
| Enter hero's abilities submenu | 10 | |
| Give item / drop item | 4 | |
| Remove unit from queue | 5 | |
| Right click | 472 | |
| Select / deselect | 465 | |
| Select group hotkey | 416 | |
| Use ability | 123 | |
1697 total
» units
| Peasant | 28 | |
| Footman | 6 | |
| Gryphon Rider | 7 | |
| Peon | 5 | |
| Knight | 1 | |
47 total
» upgrades
| Lumber Harvesting | 2 | |
| Masonry | 3 | |
| Swords | 2 | |
| Armor | 2 | |
| Animal War Training | 1 | |
| Plating | 1 | |
11 total
» buildings
| Altar of Kings | 3 | |
| Farm | 31 | |
| Barracks | 1 | |
| Scout Tower | 20 | |
| Arcane Tower | 2 | |
| Lumber Mill | 1 | |
| Town Hall | 9 | |
| Arcane Vault | 1 | |
| Keep | 3 | |
| Blacksmith | 1 | |
| Castle | 2 | |
| Guard Tower | 14 | |
| Gryphon Aviary | 2 | |
90 total
» build order
00:19 Altar of Kings
00:29 Farm
00:50 Barracks
01:07 Farm
01:45 Scout Tower
02:11 Farm
02:18 Arcane Tower
02:55 Scout Tower
03:28 Arcane Tower
03:36 Lumber Mill
03:46 Farm
04:47 Town Hall
04:54 Arcane Vault
05:36 Keep
06:51 Farm
07:36 Farm
07:44 Blacksmith
08:11 Castle
08:24 Scout Tower
08:56 Guard Tower
09:00 Farm
09:51 Farm
10:39 Gryphon Aviary
10:57 Gryphon Aviary
11:13 Farm
12:01 Farm
13:04 Farm
14:59 Town Hall
15:11 Farm
15:51 Scout Tower
16:14 Keep
16:18 Scout Tower
16:19 Guard Tower
16:23 Scout Tower
16:27 Scout Tower
16:46 Guard Tower
16:48 Farm
16:51 Guard Tower
16:54 Farm
16:57 Farm
16:58 Guard Tower
17:25 Farm
17:36 Farm
17:39 Scout Tower
18:08 Guard Tower
18:49 Scout Tower
18:53 Scout Tower
19:01 Farm
19:05 Farm
19:10 Castle
19:17 Guard Tower
19:20 Farm
19:23 Guard Tower
19:26 Farm
19:50 Farm
19:57 Farm
20:05 Farm
20:08 Scout Tower
20:31 Scout Tower
20:44 Guard Tower
20:48 Farm
20:52 Farm
21:00 Guard Tower
21:04 Scout Tower
21:10 Farm
21:43 Farm
21:53 Guard Tower
23:10 Farm
23:54 Scout Tower
24:29 Scout Tower
25:00 Guard Tower
25:12 Town Hall
26:54 Scout Tower
27:55 Town Hall
28:35 Guard Tower
30:08 Scout Tower
32:08 Scout Tower
32:11 Scout Tower
32:22 Scout Tower
32:39 Guard Tower
33:04 Altar of Kings
33:09 Farm
34:36 Town Hall
35:58 Town Hall
37:25 Town Hall
56:32 Town Hall
58:14 Altar of Kings
61:11 Farm
61:13 Keep
66:42 Town Hall
» items
| Boots of Speed | 2 | |
| Lesser Clarity Potion | 2 | |
| Scroll of Regeneration | 5 | |
| Potion of Lesser Invulnerability | 2 | |
| Periapt of Vitality | 2 | |
| Scroll of Town Portal | 2 | |
| Orb of Fire | 1 | |
16 total
Homolover69 (
blue | 46 APM | 2650 actions | 57:44)
8 Archmage
3 Blizzard
3 Brilliance Aura
1 Mass Teleport
1 Summon Water Elemental
» actions
| Assign group hotkey | 71 | |
| Basic commands | 69 | |
| Build / train | 174 | |
| ESC pressed | 7 | |
| Enter build submenu | 63 | |
| Enter hero's abilities submenu | 8 | |
| Give item / drop item | 13 | |
| Remove unit from queue | 4 | |
| Right click | 748 | |
| Select / deselect | 804 | |
| Select group hotkey | 551 | |
| Select subgroup | 1 | |
| Use ability | 135 | |
2650 total
» units
| Peasant | 25 | |
| Footman | 9 | |
| Mortar Team | 6 | |
| Siege Engine | 17 | |
| Knight | 10 | |
| Spell Breaker | 7 | |
74 total
» upgrades
| Masonry | 3 | |
| Swords | 3 | |
| Lumber Harvesting | 1 | |
| Gunpowder | 3 | |
| Barrage | 1 | |
| Armor | 3 | |
| Fragmentation Shards | 1 | |
| Animal War Training | 1 | |
| Flare | 1 | |
| Plating | 3 | |
| Cloud | 1 | |
| Magic Sentry | 1 | |
| Sorceress Training | 2 | |
| Control Magic | 1 | |
25 total
» buildings
| Altar of Kings | 1 | |
| Farm | 13 | |
| Barracks | 1 | |
| Scout Tower | 31 | |
| Arcane Tower | 1 | |
| Keep | 4 | |
| Lumber Mill | 1 | |
| Blacksmith | 1 | |
| Arcane Vault | 1 | |
| Guard Tower | 30 | |
| Gryphon Aviary | 1 | |
| Workshop | 2 | |
| Castle | 1 | |
| Town Hall | 5 | |
| Arcane Sanctum | 1 | |
94 total
» build order
00:03 Altar of Kings
00:08 Farm
00:33 Barracks
01:15 Farm
01:44 Scout Tower
02:10 Scout Tower
02:18 Farm
02:37 Arcane Tower
03:39 Scout Tower
04:05 Keep
04:05 Keep
04:05 Keep
04:56 Lumber Mill
05:03 Blacksmith
05:18 Arcane Vault
06:01 Guard Tower
07:02 Gryphon Aviary
07:37 Workshop
09:05 Castle
09:41 Farm
09:43 Farm
10:02 Farm
10:50 Scout Tower
11:16 Farm
11:19 Guard Tower
12:11 Town Hall
14:12 Farm
14:14 Farm
14:17 Farm
15:21 Scout Tower
15:23 Scout Tower
15:25 Scout Tower
18:15 Guard Tower
18:58 Guard Tower
20:24 Town Hall
21:51 Scout Tower
21:52 Scout Tower
21:55 Scout Tower
21:57 Scout Tower
22:23 Guard Tower
22:23 Guard Tower
22:23 Guard Tower
22:31 Guard Tower
22:38 Scout Tower
22:39 Scout Tower
22:41 Scout Tower
22:43 Keep
22:47 Guard Tower
22:48 Guard Tower
23:01 Farm
23:03 Farm
23:03 Farm
23:17 Guard Tower
24:07 Workshop
24:29 Scout Tower
24:30 Scout Tower
24:33 Scout Tower
25:10 Guard Tower
25:10 Guard Tower
25:11 Guard Tower
25:11 Guard Tower
26:06 Scout Tower
26:07 Scout Tower
26:08 Scout Tower
26:16 Scout Tower
26:18 Scout Tower
26:19 Scout Tower
26:24 Scout Tower
26:25 Scout Tower
26:27 Scout Tower
26:49 Guard Tower
26:51 Guard Tower
26:52 Guard Tower
26:53 Guard Tower
26:53 Guard Tower
26:56 Guard Tower
26:56 Guard Tower
26:56 Guard Tower
27:00 Guard Tower
27:00 Guard Tower
30:10 Arcane Sanctum
33:16 Scout Tower
33:17 Scout Tower
33:18 Scout Tower
34:27 Guard Tower
34:31 Scout Tower
34:34 Scout Tower
35:40 Guard Tower
37:24 Town Hall
39:51 Town Hall
41:24 Town Hall
» items
| Boots of Speed | 1 | |
| Staff of Teleportation | 1 | |
| Periapt of Vitality | 1 | |
| Potion of Invisibility | 2 | |
| Scroll of Regeneration | 14 | |
| Scroll of Town Portal | 3 | |
| Orb of Fire | 2 | |
| Lesser Clarity Potion | 2 | |
26 total
dilao (
orange | 25 APM | 358 actions | 14:19)
1 Blademaster
1 Wind Walk
» actions
| Build / train | 28 | |
| Enter build submenu | 12 | |
| Enter hero's abilities submenu | 1 | |
| Remove unit from queue | 1 | |
| Right click | 136 | |
| Select / deselect | 152 | |
| Use ability | 28 | |
358 total
» units
» buildings
| Altar of Storms | 1 | |
| Orc Burrow | 4 | |
| Barracks | 2 | |
| Great Hall | 1 | |
| War Mill | 1 | |
| Stronghold | 1 | |
10 total
» build order
00:12 Altar of Storms
00:18 Orc Burrow
00:30 Barracks
01:24 Orc Burrow
02:15 Barracks
03:05 Orc Burrow
10:21 Orc Burrow
12:02 Great Hall
12:32 War Mill
13:01 Stronghold
KingJustinBeebe (
purple | 33 APM | 1622 actions | 48:45)
5 Archmage
3 Summon Water Elemental
2 Brilliance Aura
4 Firelord
2 Summon Lava Spawn
2 Soul Burn
» actions
| Assign group hotkey | 34 | |
| Basic commands | 26 | |
| Build / train | 62 | |
| ESC pressed | 1 | |
| Enter build submenu | 31 | |
| Enter hero's abilities submenu | 10 | |
| Give item / drop item | 2 | |
| Right click | 535 | |
| Select / deselect | 608 | |
| Select group hotkey | 255 | |
| Use ability | 58 | |
1622 total
» units
| Peasant | 14 | |
| Footman | 4 | |
| Spell Breaker | 1 | |
| Sorceress | 3 | |
| Priest | 1 | |
| Rifleman | 2 | |
| Knight | 3 | |
28 total
» upgrades
| Masonry | 1 | |
| Lumber Harvesting | 2 | |
| Priest Training | 2 | |
| Sorceress Training | 2 | |
| Plating | 2 | |
| Long Rifles | 1 | |
| Swords | 1 | |
| Gunpowder | 1 | |
| Animal War Training | 1 | |
13 total
» buildings
| Altar of Kings | 2 | |
| Barracks | 2 | |
| Farm | 8 | |
| Scout Tower | 3 | |
| Arcane Vault | 1 | |
| Arcane Tower | 1 | |
| Lumber Mill | 3 | |
| Keep | 1 | |
| Town Hall | 2 | |
| Blacksmith | 1 | |
| Guard Tower | 2 | |
| Arcane Sanctum | 2 | |
| Castle | 1 | |
| Spirit Lodge | 1 | |
| Fortress | 1 | |
| Orc Burrow | 2 | |
33 total
» build order
00:22 Altar of Kings
00:27 Barracks
00:43 Farm
01:54 Farm
01:59 Scout Tower
02:06 Arcane Vault
02:35 Arcane Tower
02:43 Lumber Mill
04:14 Keep
04:48 Town Hall
05:36 Blacksmith
05:50 Scout Tower
05:52 Scout Tower
06:27 Guard Tower
06:45 Arcane Sanctum
07:46 Guard Tower
08:33 Barracks
09:36 Arcane Sanctum
09:39 Castle
10:15 Farm
10:15 Farm
10:26 Farm
13:00 Lumber Mill
13:33 Farm
15:11 Farm
15:36 Spirit Lodge
15:37 Fortress
15:41 Orc Burrow
15:42 Orc Burrow
18:53 Town Hall
19:34 Farm
44:15 Lumber Mill
45:44 Altar of Kings
» items
team 2 (winner)
LilHooligan (
green | 63 APM | 4335 actions | 68:36)
10 Archmage
3 Summon Water Elemental
3 Brilliance Aura
1 Mass Teleport
3 Blizzard
8 Death Knight
3 Death Coil
3 Unholy Aura
1 Animate Dead
1 Death Pact
1 Paladin
1 Devotion Aura
» actions
| Assign group hotkey | 174 | |
| Basic commands | 58 | |
| Build / train | 215 | |
| Enter build submenu | 73 | |
| Enter hero's abilities submenu | 19 | |
| Give item / drop item | 8 | |
| Remove unit from queue | 5 | |
| Right click | 1859 | |
| Select / deselect | 811 | |
| Select group hotkey | 819 | |
| Use ability | 294 | |
4335 total
» units
| Peasant | 25 | |
| Acolyte | 24 | |
| Footman | 4 | |
| Ghoul | 11 | |
| Crypt Fiend | 6 | |
| Gryphon Rider | 28 | |
| Frost Wyrm | 12 | |
| Knight | 1 | |
| Dragonhawk Rider | 5 | |
116 total
» upgrades
| Lumber Harvesting | 2 | |
| Masonry | 3 | |
| Creature Attack | 4 | |
| Web | 1 | |
| Burrow | 1 | |
| Swords | 3 | |
| Armor | 3 | |
| Storm Hammers | 1 | |
| Freezing Breath | 1 | |
| Animal War Training | 1 | |
| Creature Carapace | 2 | |
| Cloud | 1 | |
| Plating | 1 | |
24 total
» buildings
| Altar of Kings | 1 | |
| Barracks | 5 | |
| Farm | 11 | |
| Scout Tower | 10 | |
| Crypt | 1 | |
| Ziggurat | 12 | |
| Altar of Darkness | 2 | |
| Arcane Tower | 1 | |
| Nerubian Tower | 2 | |
| Graveyard | 1 | |
| Arcane Vault | 1 | |
| Town Hall | 8 | |
| Keep | 2 | |
| Halls of the Dead | 2 | |
| Lumber Mill | 2 | |
| Castle | 2 | |
| Black Citadel | 1 | |
| Gryphon Aviary | 3 | |
| Guard Tower | 4 | |
| Blacksmith | 1 | |
| Sacrificial Pit | 1 | |
| Boneyard | 6 | |
| Spirit Tower | 3 | |
| Tomb of Relics | 1 | |
| Necropolis | 3 | |
86 total
» build order
00:40 Altar of Kings
00:43 Barracks
00:50 Farm
01:05 Farm
01:20 Scout Tower
01:42 Crypt
01:43 Ziggurat
01:55 Farm
02:12 Altar of Darkness
02:25 Arcane Tower
02:35 Ziggurat
02:48 Farm
02:59 Nerubian Tower
03:05 Graveyard
03:29 Arcane Vault
04:27 Town Hall
04:30 Scout Tower
04:31 Scout Tower
04:38 Keep
04:52 Halls of the Dead
04:57 Ziggurat
06:46 Lumber Mill
06:47 Scout Tower
07:17 Arcane Tower
08:07 Scout Tower
08:44 Castle
08:46 Arcane Tower
09:26 Black Citadel
10:10 Scout Tower
10:12 Gryphon Aviary
10:15 Gryphon Aviary
10:16 Gryphon Aviary
10:22 Scout Tower
10:22 Scout Tower
10:41 Guard Tower
11:54 Farm
11:55 Farm
12:30 Scout Tower
12:31 Scout Tower
12:58 Guard Tower
12:59 Guard Tower
13:22 Blacksmith
15:06 Sacrificial Pit
16:18 Boneyard
16:19 Boneyard
16:20 Boneyard
17:32 Spirit Tower
18:21 Tomb of Relics
19:15 Ziggurat
19:16 Ziggurat
19:16 Ziggurat
21:18 Lumber Mill
23:19 Spirit Tower
23:20 Spirit Tower
24:31 Farm
24:31 Farm
24:32 Farm
25:02 Town Hall
27:04 Boneyard
27:04 Boneyard
27:06 Boneyard
27:36 Town Hall
28:55 Ziggurat
28:55 Ziggurat
28:55 Ziggurat
28:56 Ziggurat
28:57 Ziggurat
29:01 Necropolis
39:19 Altar of Darkness
39:20 Ziggurat
40:52 Farm
45:21 Keep
45:23 Guard Tower
46:33 Nerubian Tower
49:05 Castle
49:29 Town Hall
49:37 Town Hall
54:07 Town Hall
57:11 Town Hall
58:22 Barracks
58:22 Barracks
61:04 Town Hall
64:08 Barracks
64:11 Barracks
64:49 Necropolis
66:57 Farm
68:04 Necropolis
68:09 Halls of the Dead
» items
| Scroll of Regeneration | 6 | |
| Scroll of Town Portal | 3 | |
| Scroll of Healing | 4 | |
| Orb of Corruption | 1 | |
| Potion of Healing | 2 | |
| Rod of Necromancy | 1 | |
| Periapt of Vitality | 5 | |
| Potion of Lesser Invulnerability | 5 | |
| Scroll of Protection | 1 | |
| Boots of Speed | 1 | |
| Potion of Invisibility | 1 | |
| Staff of Teleportation | 1 | |
31 total

»
delian_81 (
red | 4 APM | 34 actions | 08:30)
» actions
| Build / train | 4 | |
| Enter build submenu | 6 | |
| Right click | 9 | |
| Select / deselect | 9 | |
| Use ability | 6 | |
34 total
» units
» buildings
| Crypt | 1 | |
| Ziggurat | 3 | |
| Graveyard | 1 | |
| Altar of Darkness | 1 | |
6 total
» build order
03:07 Crypt
03:11 Ziggurat
03:23 Graveyard
04:12 Ziggurat
04:16 Altar of Darkness
04:21 Ziggurat
fdb (
teal | 30 APM | 1042 actions | 35:16)
1 Archmage
1 Blizzard
5 Paladin
3 Divine Shield
2 Devotion Aura
3 Dreadlord
2 Vampiric Aura
1 Sleep
» actions
| Basic commands | 97 | |
| Build / train | 131 | |
| Enter build submenu | 16 | |
| Enter hero's abilities submenu | 9 | |
| Right click | 336 | |
| Select / deselect | 403 | |
| Use ability | 50 | |
1042 total
» units
| Peasant | 11 | |
| Siege Engine | 19 | |
| Ghoul | 15 | |
| Flying Machine | 18 | |
| Crypt Fiend | 22 | |
| Frost Wyrm | 11 | |
96 total
» upgrades
| Lumber Harvesting | 2 | |
| Gunpowder | 3 | |
| Plating | 3 | |
| Flak Cannons | 1 | |
| Web | 1 | |
| Creature Attack | 1 | |
| Creature Carapace | 1 | |
12 total
» buildings
| Altar of Kings | 1 | |
| Arcane Vault | 1 | |
| Farm | 11 | |
| Keep | 1 | |
| Blacksmith | 2 | |
| Lumber Mill | 2 | |
| Castle | 1 | |
| Workshop | 4 | |
| Spirit Tower | 4 | |
| Halls of the Dead | 1 | |
| Ziggurat | 6 | |
| Graveyard | 1 | |
| Crypt | 3 | |
38 total
» build order
00:08 Altar of Kings
00:16 Arcane Vault
01:02 Farm
01:06 Farm
01:09 Farm
03:24 Keep
04:10 Blacksmith
04:14 Lumber Mill
05:47 Castle
06:00 Workshop
06:01 Workshop
06:06 Workshop
06:07 Workshop
07:18 Farm
07:18 Farm
07:19 Farm
07:19 Farm
07:20 Farm
08:38 Spirit Tower
09:27 Farm
09:28 Farm
09:28 Farm
10:08 Blacksmith
15:04 Lumber Mill
15:43 Halls of the Dead
15:47 Ziggurat
15:47 Ziggurat
15:49 Ziggurat
15:49 Ziggurat
15:50 Ziggurat
15:51 Ziggurat
16:06 Graveyard
17:23 Spirit Tower
19:40 Crypt
19:43 Crypt
19:43 Crypt
33:09 Spirit Tower
33:44 Spirit Tower
» items
| Lesser Clarity Potion | 2 | |
| Orb of Fire | 1 | |
| Scroll of Town Portal | 1 | |
4 total
Chat log
(01:50 / Allies) LilHooligan: I got pink
(02:12 / Allies) fdb: fucking red also
(02:14 / Allies) fdb: its gg
(02:17 / All) KingJustinBeebe: suck my beebe
(02:18 / Allies) LilHooligan: they have bser
(13:11 / Allies) LilHooligan: take out someone stronger
(20:51 / All) KingJustinBeebe: sorry afk i am doing homolover69's mother
(20:56 / All) KingJustinBeebe: his mother so hot
(21:01 / All) Homolover69: my mother is a post op transgendered man
(21:11 / All) Homolover69: you like those sir?
(21:20 / All) KingJustinBeebe: i will do that whore utill she faint
(21:27 / All) Homolover69: ok hf bye
(21:35 / All) Homolover69: he lovers beeber
(21:52 / All) KingJustinBeebe: for her sin of giving born to this dog
(21:59 / All) KingJustinBeebe: you mother is a sinner
(22:10 / All) Homolover69: oic
(23:06 / Allies) LilHooligan: wood
(28:23 / Allies) LilHooligan: wood
(28:29 / Allies) LilHooligan: did you dump it all on red
(28:39 / All) Homolover69: 0 units lost so far in this army
(28:40 / All) Homolover69: nice job
(30:29 / Allies) fdb: target mortars
(31:39 / All) Homolover69: nice acos
(31:40 / All) Mahney: blue is a ni9gger
(31:46 / All) Mahney: ghe attempted to tk
(31:51 / All) Mahney: and will not help
(31:52 / All) Homolover69: Attempted? I succeeded
(31:54 / All) Homolover69: Purp died
(32:02 / All) Mahney: so i will tk his nigger ass from no on
(32:07 / All) Homolover69: kk
(32:41 / Allies) fdb: wtf is pink doing
(34:21 / Allies) fdb: so why are you trashing everything ?
(34:30 / Allies) LilHooligan: it's for fun
(34:46 / Allies) fdb: ill remember to bs you in future
(34:56 / Allies) fdb: you just wasted 20 minutes of my time
(34:57 / Allies) LilHooligan: Well
(35:01 / Allies) LilHooligan: heh
(35:02 / All) Mahney: lmao, he tkd again like a nigger
(35:05 / Allies) fdb: on a game i thought you were trying to win
(35:07 / Allies) LilHooligan: I doubt I'll play on this name again
(35:09 / All) Homolover69: And I'm about to again!
(35:10 / Allies) fdb: stupid bitch
(35:12 / Allies) fdb: see you around
(35:21 / All) LilHooligan: lol
(35:24 / All) Mahney: go ahead, prove ur a nigger
(35:25 / All) LilHooligan: he left some funny messages
(35:36 / All) LilHooligan: Guess I'll upload this time
(35:53 / All) Mahney: blue sucks dick for a living, thats why he tks
(36:03 / All) Homolover69: I am a male prostitute how did you know?
(36:06 / All) LilHooligan: Interesting psychoanalysis
(36:20 / All) Mahney: lol
(36:33 / All) Mahney: u cannot kill whats cancelled nigger
(36:43 / All) Homolover69: Why not? I just did
(36:51 / All) Homolover69: Only green and I are left
(36:52 / All) Mahney: i cancelled it dumbass
(36:56 / All) Homolover69: Good for you?
(36:59 / All) Homolover69: I have mass tp
(38:26 / All) KingJustinBeebe: i told you, his mother is a sinner
(38:39 / All) LilHooligan: BABY BABY BABY
(48:13 / All) LilHooligan: lawl
(48:16 / All) Homolover69: no level 10 :(
(51:18 / All) LilHooligan: Let's end this game brosef
(51:22 / All) Homolover69: Yeah
(51:28 / All) Homolover69: My team gets loss imo since it's still here
(51:31 / All) Homolover69: Or at least one of the fags is
(51:35 / All) LilHooligan: they are still here
(52:35 / All) LilHooligan: lawl oops
(52:53 / All) Homolover69: I wish I had control magic sooner
(56:13 / All) Homolover69: What the fuck, spell breakers don't even have enough mana to control a lvl 3 elemental
(56:48 / All) Homolover69: I'm just going to leave this is no fun with no hero
(56:50 / All) Homolover69: am sucks
(56:53 / All) LilHooligan: lawl
(56:55 / All) LilHooligan: kill your base
(56:58 / All) LilHooligan: with tanks
(57:40 / All) Homolover69: my t3 is dead I have t2 hopefully dead good luck
(57:45 / All) LilHooligan: don't leave